MLB
HOUSTON ASTROS @ WASHINGTON NATIONALS
07/05/2020
 
TOP OF THE 1ST
Houston Astros batting - Pitching for Washington Nationals : RHP Jake Arrieta
Pitching: RHP Jake Arrieta
Batting: LHB Kyle Tucker 0-0: Swinging Strike
0-1: Called Strike
0-2: Ball
1-2: Fly out, F9 (Flyball, 9, EV 80.6 MPH)
Batting: RHB Jose Altuve 0-0: Ball
1-0: Swinging Strike
1-1: Bunt for hit to 23 - play at first, batter safe!
Batting: LHB Yordan Alvarez 0-0: Ball
1-0: Ball
Jose Altuve is caught stealing 2nd base 2-6
2-0: Ball
3-0: Base on Balls
Batting: RHB Alex Bregman 0-0: Foul Ball, location: 2F
0-1: Called Strike
0-2: Hit by Pitch
Yordan Alvarez to second
Batting: RHB Carlos Correa 0-0: Ball
1-0: Ball
2-0: Called Strike
2-1: Swinging Strike
2-2: Ball
3-2: Base on Balls
Yordan Alvarez to third
Alex Bregman to second
Batting: LHB Michael Brantley 0-0: Ball
1-0: Called Strike
1-1: Ball
2-1: Swinging Strike
2-2: SINGLE (Line Drive, 8LS, EV 98.1 MPH)
Yordan Alvarez scores
Alex Bregman to third
Carlos Correa to second
Runner from 3rd tries for Home, SAFE, throw by CF to home
Batting: RHB George Springer 0-0: Ball
1-0: Fly out, F2 (Popup, 23F, EV 89.4 MPH)
Top of the 1st over - 2 runs, 2 hits, 0 errors, 2 left on base; Houston 2 - Washington 0
BOTTOM OF THE 1ST
Washington Nationals batting - Pitching for Houston Astros : RHP Lance McCullers Jr.
Pitching: RHP Lance McCullers Jr.
Batting: RHB Victor Robles 0-0: Foul Ball, location: 2F
0-1: SINGLE (Groundball, 6S, EV 62.5 MPH) (infield hit)
Batting: LHB Juan Soto 0-0: Ball
1-0: Ball
2-0: Ball
Wild Pitch!
Victor Robles to second
3-0: Called Strike
3-1: Swinging Strike
3-2: Strikes out swinging
Batting: RHB Trea Turner 0-0: Ground out 6-3 (Groundball, 6, EV 81.9 MPH)
Victor Robles to third
Batting: LHB Eric Thames 0-0: Ball
1-0: Ground out 6-3 (Groundball, 4M, EV 86.9 MPH)
Bottom of the 1st over - 0 runs, 1 hit, 0 errors, 1 left on base; Houston 2 - Washington 0
TOP OF THE 2ND
Houston Astros batting - Pitching for Washington Nationals : RHP Jake Arrieta
Batting: RHB Martin Maldonado 0-0: Ball
1-0: Foul Ball, location: 2F
1-1: Fly out, F6 (Popup, 6M, EV 70.0 MPH)
Batting: LHB Lance McCullers Jr. 0-0: Called Strike
0-1: Ball
1-1: Ball
2-1: Called Strike
2-2: Ball
3-2: Ground out 4-3 (Groundball, 34D, EV 95.0 MPH)
Batting: LHB Kyle Tucker 0-0: Ball
1-0: Ball
2-0: Hit by Pitch
Batting: RHB Jose Altuve 0-0: Ball
1-0: Called Strike
1-1: SINGLE (Groundball, 56D, EV 96.9 MPH)
Kyle Tucker to second
Batting: LHB Yordan Alvarez 0-0: Ball
1-0: Ball
2-0: Swinging Strike
2-1: Foul Ball, location: 2F
2-2: Ball
3-2: Strikes out swinging
Top of the 2nd over - 0 runs, 1 hit, 0 errors, 2 left on base; Houston 2 - Washington 0
BOTTOM OF THE 2ND
Washington Nationals batting - Pitching for Houston Astros : RHP Lance McCullers Jr.
Batting: SHB Asdrubal Cabrera 0-0: Foul Ball, location: 2F
0-1: Ball
1-1: Swinging Strike
1-2: Foul Ball, location: 2F
1-2: Foul Ball, location: 2F
1-2: Ball
2-2: Strikes out swinging
Batting: RHB Carter Kieboom 0-0: Ball
1-0: Called Strike
1-1: Swinging Strike
1-2: Ground out U3 (Groundball, 13, EV 80.6 MPH)
Batting: RHB Kurt Suzuki 0-0: Called Strike
0-1: Ground out 6-3 (Groundball, 6, EV 76.3 MPH)
Bottom of the 2nd over - 0 runs, 0 hits, 0 errors, 0 left on base; Houston 2 - Washington 0
TOP OF THE 3RD
Houston Astros batting - Pitching for Washington Nationals : RHP Jake Arrieta
Batting: RHB Alex Bregman 0-0: Foul Ball, location: 2F
0-1: Called Strike
0-2: Ball
1-2: Ball
2-2: Foul Ball, location: 2F
2-2: Reached on error, E6 (Groundball, 6, EV 93.1 MPH)
Batting: RHB Carlos Correa 0-0: Ball
1-0: SINGLE (Line Drive, 89S, EV 100.6 MPH)
Alex Bregman to third
Batting: LHB Michael Brantley 0-0: Ball
1-0: Ball
2-0: Called Strike
2-1: Foul Ball, location: 2F
2-2: Foul Ball, location: 2F
2-2: Fly out, F7 (Flyball, 7LD, EV 85.0 MPH)
Runner from 3rd tags up, SCORES, no throw by LF
Batting: RHB George Springer 0-0: Ball
1-0: Called Strike
1-1: Called Strike
1-2: Ball
2-2: Ball
3-2: SINGLE (Groundball, 6MD, EV 96.3 MPH)
Carlos Correa to second
Batting: RHB Martin Maldonado 0-0: Called Strike
0-1: Swinging Strike
0-2: Ball
1-2: Fly out, F7 (Flyball, 7LD, EV 105.0 MPH)
Runner from 2nd tags up, SAFE at 3rd, no throw by LF
Batting: LHB Lance McCullers Jr. Pickoff Throw to First - Out! 1-3
Top of the 3rd over - 1 run, 2 hits, 1 error, 1 left on base; Houston 3 - Washington 0
BOTTOM OF THE 3RD
Washington Nationals batting - Pitching for Houston Astros : RHP Lance McCullers Jr.
Batting: RHB Michael A. Taylor 0-0: Fly out, F9 (Flyball, 9LM, EV 84.4 MPH)
Batting: RHB Jake Arrieta 0-0: Called Strike
0-1: Swinging Strike
0-2: Ball
1-2: Foul Ball, location: 2F
1-2: Strikes out swinging
Batting: RHB Victor Robles 0-0: Ball
1-0: Called Strike
1-1: Ball
2-1: Foul Ball, location: 2F
2-2: Hit by Pitch
Batting: LHB Juan Soto 0-0: Called Strike
Victor Robles steals 2nd base
0-1: Ball
1-1: Ball
2-1: Foul Ball, location: 2F
2-2: SINGLE (Groundball, 34D, EV 96.9 MPH)
Victor Robles to third
Runner from 3rd tries for Home, SAFE, throw by RF to home
Batting: RHB Trea Turner 0-0: Ball
1-0: Ball
2-0: Fly out, F7 (Flyball, 78D, EV 103.8 MPH)
Bottom of the 3rd over - 1 run, 1 hit, 0 errors, 1 left on base; Houston 3 - Washington 1
TOP OF THE 4TH
Houston Astros batting - Pitching for Washington Nationals : RHP Jake Arrieta
Batting: LHB Lance McCullers Jr. 0-0: Foul Ball, location: 2F
0-1: Foul Ball, location: 2F
0-2: Ground out 4-3 (Groundball, 4, EV 103.8 MPH)
Batting: LHB Kyle Tucker 0-0: Called Strike
0-1: Swinging Strike
0-2: Ball
1-2: SINGLE (Groundball, 4D, EV 96.3 MPH)
Batting: RHB Jose Altuve 0-0: Ball
1-0: Foul Ball, location: 2F
1-1: Ball
2-1: Ball
3-1: Base on Balls
Kyle Tucker to second
Batting: LHB Yordan Alvarez 0-0: Ball
Kyle Tucker steals 3rd base
1-0: Foul Ball, location: 2F
1-1: DOUBLE (Line Drive, 9LS, EV 105.0 MPH)
Kyle Tucker scores
Jose Altuve to third
Runner from 3rd tries for Home, throw by RF and OUT! 9-4-2
Batting: RHB Alex Bregman 0-0: Ball
1-0: Foul Ball, location: 2F
1-1: Fly out, F8 (Line Drive, 8LD, EV 95.0 MPH)
Top of the 4th over - 1 run, 2 hits, 0 errors, 1 left on base; Houston 4 - Washington 1
BOTTOM OF THE 4TH
Washington Nationals batting - Pitching for Houston Astros : RHP Lance McCullers Jr.
Batting: LHB Eric Thames 0-0: Swinging Strike
0-1: Ball
1-1: Ball
2-1: Ground out 4-3 (Groundball, 34D, EV 108.8 MPH)
Batting: SHB Asdrubal Cabrera 0-0: Ball
1-0: Ball
2-0: Foul Ball, location: 2F
2-1: Ball
3-1: Base on Balls
Batting: RHB Carter Kieboom 0-0: Ball
Asdrubal Cabrera steals 2nd, throwing error, E2
Asdrubal Cabrera to third
1-0: Fly out, F7 (Flyball, 78S, EV 72.5 MPH)
Batting: RHB Kurt Suzuki 0-0: Foul Ball, location: 2F
0-1: Called Strike
0-2: SINGLE (Groundball, 6MD, EV 95.6 MPH)
Asdrubal Cabrera scores
Batting: RHB Michael A. Taylor 0-0: Fielders Choice at 2nd, 5-4 (Groundball, 5L, EV 95.0 MPH)
Bottom of the 4th over - 1 run, 1 hit, 1 error, 1 left on base; Houston 4 - Washington 2
TOP OF THE 5TH
Houston Astros batting - Pitching for Washington Nationals : RHP Jake Arrieta
Batting: RHB Carlos Correa 0-0: Ball
1-0: Ball
2-0: Ball
3-0: Called Strike
3-1: Foul Ball, location: 2F
3-2: Foul Ball, location: 2F
3-2: Foul Ball, location: 2F
3-2: Foul Ball, location: 2F
3-2: Ground out 5-3 (Groundball, 56, EV 109.4 MPH)
Batting: LHB Michael Brantley 0-0: Ball
1-0: Called Strike
1-1: Foul Ball, location: 2F
1-2: Ground out 4-3 (Groundball, 4, EV 84.4 MPH)
Batting: RHB George Springer 0-0: Ball
1-0: Foul Ball, location: 2F
1-1: Called Strike
1-2: Ball
2-2: SINGLE (Line Drive, 8LS, EV 105.6 MPH)
Batting: RHB Martin Maldonado 0-0: Foul Ball, location: 2F
0-1: Foul Ball, location: 2F
0-2: Ball
1-2: Ball
2-2: Ground out 4-3 (Groundball, 13, EV 84.4 MPH)
Top of the 5th over - 0 runs, 1 hit, 0 errors, 1 left on base; Houston 4 - Washington 2
BOTTOM OF THE 5TH
Washington Nationals batting - Pitching for Houston Astros : RHP Lance McCullers Jr.
Pinch Hitting: LHB Adam Eaton 0-0: Ball
1-0: Called Strike
1-1: Swinging Strike
1-2: Ball
2-2: Ball
3-2: Strikes out looking
Batting: RHB Victor Robles 0-0: Ball
1-0: Ball
2-0: Called Strike
2-1: SINGLE (Groundball, 56S, EV 69.4 MPH) (infield hit)
Batting: LHB Juan Soto 0-0: Called Strike
0-1: Ball
1-1: Ball
2-1: Ball
3-1: Fly out, F8 (Flyball, 78S, EV 78.1 MPH)
Batting: RHB Trea Turner 0-0: Ball
1-0: Ball
2-0: Ball
3-0: Called Strike
3-1: Base on Balls
Victor Robles to second
Batting: LHB Eric Thames 0-0: Called Strike
0-1: Foul Ball, location: 2F
0-2: Strikes out swinging
Bottom of the 5th over - 0 runs, 1 hit, 0 errors, 2 left on base; Houston 4 - Washington 2
TOP OF THE 6TH
Houston Astros batting - Pitching for Washington Nationals : RHP Jake Arrieta
Pitching: RHP Wander Suero
Batting: LHB Lance McCullers Jr. 0-0: Fly out, F2 (Popup, 23F, EV 89.4 MPH)
Batting: LHB Kyle Tucker 0-0: Ball
1-0: Ball
2-0: Ball
3-0: Fly out, F7 (Flyball, 7D, EV 94.4 MPH)
Batting: RHB Jose Altuve 0-0: Foul Ball, location: 2F
0-1: Swinging Strike
0-2: Foul Ball, location: 2F
0-2: Ball
1-2: Foul Ball, location: 2F
1-2: SINGLE (Groundball, 6D, EV 103.8 MPH)
Batting: LHB Yordan Alvarez 0-0: Ball
1-0: Called Strike
Jose Altuve steals 2nd base
1-1: Fly out, F8 (Flyball, 89S, EV 85.6 MPH)
Top of the 6th over - 0 runs, 1 hit, 0 errors, 1 left on base; Houston 4 - Washington 2
BOTTOM OF THE 6TH
Washington Nationals batting - Pitching for Houston Astros : RHP Lance McCullers Jr.
Batting: SHB Asdrubal Cabrera 0-0: Called Strike
0-1: Ground out 1-3 (Groundball, 25, EV 66.9 MPH)
Batting: RHB Carter Kieboom 0-0: Called Strike
0-1: Ball
1-1: Swinging Strike
1-2: SINGLE (Groundball, 4MD, EV 100.0 MPH)
Batting: RHB Kurt Suzuki 0-0: Called Strike
0-1: Grounds into double play, 6-4-3 (Groundball, 56, EV 85.6 MPH)
Bottom of the 6th over - 0 runs, 1 hit, 0 errors, 0 left on base; Houston 4 - Washington 2
TOP OF THE 7TH
Houston Astros batting - Pitching for Washington Nationals : RHP Wander Suero
Batting: RHB Alex Bregman 0-0: Called Strike
0-1: Called Strike
0-2: Ball
1-2: Foul Ball, location: 2F
1-2: Fly out, F8 (Flyball, 8RM, EV 85.0 MPH)
Pitching: LHP Bobby Poyner
Batting: RHB Carlos Correa 0-0: Ball
1-0: SINGLE (Groundball, 6M, EV 100.0 MPH) (infield hit)
Batting: LHB Michael Brantley 0-0: Foul Ball, location: 2F
0-1: Ball
1-1: Called Strike
1-2: Ball
2-2: Fly out, F7 (Line Drive, 7, EV 93.8 MPH)
Batting: RHB George Springer 0-0: Fly out, F7 (Line Drive, 7, EV 105.0 MPH)
Top of the 7th over - 0 runs, 1 hit, 0 errors, 1 left on base; Houston 4 - Washington 2
BOTTOM OF THE 7TH
Washington Nationals batting - Pitching for Houston Astros : RHP Lance McCullers Jr.
Batting: RHB Michael A. Taylor 0-0: Foul Ball, location: 2F
0-1: Foul Ball, location: 2F
0-2: Foul Ball, location: 2F
0-2: Ball
1-2: Strikes out looking
Pinch Hitting: RHB Ryan Zimmerman 0-0: Called Strike
0-1: Called Strike
0-2: Ball
1-2: Foul Ball, location: 2F
1-2: Strikes out swinging
Batting: RHB Victor Robles 0-0: Foul Ball, location: 2F
0-1: Fly out, F9 (Line Drive, 9D, EV 105.0 MPH)
Bottom of the 7th over - 0 runs, 0 hits, 0 errors, 0 left on base; Houston 4 - Washington 2
TOP OF THE 8TH
Houston Astros batting - Pitching for Washington Nationals : LHP Bobby Poyner
Pitching: RHP Daniel Hudson
Batting: RHB Martin Maldonado 0-0: Called Strike
0-1: Ball
1-1: Foul Ball, location: 2F
1-2: Foul Ball, location: 2F
1-2: Strikes out swinging
Pinch Hitting: RHB Aledmys Diaz 0-0: Ball
1-0: Ball
2-0: Called Strike
2-1: Ball
3-1: Foul Ball, location: 2F
3-2: Foul Ball, location: 2F
3-2: Fly out, F9 (Flyball, 89XD, EV 106.3 MPH)
Batting: LHB Kyle Tucker 0-0: Foul Ball, location: 2F
0-1: Called Strike
0-2: Ball
1-2: Strikes out swinging
Top of the 8th over - 0 runs, 0 hits, 0 errors, 0 left on base; Houston 4 - Washington 2
BOTTOM OF THE 8TH
Washington Nationals batting - Pitching for Houston Astros : RHP Lance McCullers Jr.
Pitching: RHP Ryan Pressly
Batting: LHB Juan Soto 0-0: Ball
1-0: Foul Ball, location: 2LF, Error on foul ball, E2
1-1: Swinging Strike
1-2: Foul Ball, location: 2F
1-2: Hit by Pitch
Batting: RHB Trea Turner 0-0: Ball
1-0: Foul Ball, location: 2F
1-1: Swinging Strike
1-2: Strikes out looking
Batting: LHB Eric Thames 0-0: Called Strike
0-1: Foul Ball, location: 2F
0-2: Strikes out swinging
Batting: SHB Asdrubal Cabrera 0-0: Called Strike
0-1: Foul Ball, location: 2F
0-2: Foul Ball, location: 2F
0-2: Ball
1-2: Strikes out swinging
Bottom of the 8th over - 0 runs, 0 hits, 1 error, 1 left on base; Houston 4 - Washington 2
TOP OF THE 9TH
Houston Astros batting - Pitching for Washington Nationals : RHP Daniel Hudson
Batting: RHB Jose Altuve 0-0: Ball
1-0: SINGLE (Line Drive, 7S, EV 88.1 MPH)
Batting: LHB Yordan Alvarez 0-0: Ball
1-0: Ball
2-0: Foul Ball, location: 2F
2-1: Called Strike
2-2: Strikes out looking
Pitching: RHP Jacob Rhame
Batting: RHB Alex Bregman 0-0: Called Strike
Jose Altuve steals 2nd base
0-1: Foul Ball, location: 2F
0-2: Ball
1-2: Foul Ball, location: 2F
1-2: Ball
2-2: Ball
3-2: Foul Ball, location: 2F
3-2: Ground out 2-3 (Groundball, 13S, EV 66.3 MPH)
Jose Altuve to third
Batting: RHB Carlos Correa 0-0: DOUBLE (Line Drive, 9LS, EV 104.4 MPH)
Jose Altuve scores
Batting: LHB Michael Brantley 0-0: Ball
1-0: Fly out, F7 (Flyball, 78D, EV 89.4 MPH)
Top of the 9th over - 1 run, 2 hits, 0 errors, 1 left on base; Houston 5 - Washington 2
BOTTOM OF THE 9TH
Washington Nationals batting - Pitching for Houston Astros : RHP Ryan Pressly
Pitching: RHP Roberto Osuna
Now in RF: Josh Reddick
Batting: RHB Carter Kieboom 0-0: Ball
1-0: SOLO HOME RUN (Flyball, 78XD, EV 105.6 MPH), Distance : 432 ft
Batting: RHB Kurt Suzuki 0-0: Ground out 5-3 (Groundball, 56, EV 83.8 MPH)
Batting: RHB Michael A. Taylor 0-0: Ball
1-0: Ball
2-0: Ball
3-0: Base on Balls
Pinch Hitting: RHB Starlin Castro 0-0: Ball
1-0: Fielders Choice at 2nd, 1-6 (Groundball, 13, EV 71.9 MPH)
Batting: RHB Victor Robles 0-0: Foul Ball, location: 2F
0-1: Called Strike
0-2: Foul Ball, location: 2F
0-2: Ball
1-2: Fielders Choice at 2nd, 6-4 (Groundball, 6, EV 84.4 MPH)
Bottom of the 9th over - 1 run, 1 hit, 0 errors, 1 left on base; Houston 5 - Washington 3
Saturday, July 11th, 2020 - OOTP Baseball 21.4 Build 63